 Dungeon Crawl Stone Soup version 0.31.0-11-ge490571c62 (webtiles) character file.

Game seed: 6687241611677357964

456 qw the Ducker (level 6, 0/30 HPs)
             Began as a Spriggan Hunter on Feb 4, 2024.
             Slain by an orc
             ... wielding a +0 short sword of speed
              (2 damage)
             ... on level 4 of the Dungeon.
             The game lasted 00:00:34 (3325 turns).

qw the Ducker (Spriggan Hunter)                     Turns: 3325, Time: 00:00:34

Health: 0/30       AC:  3    Str:  7    XL:     6   Next: 77%
Magic:  7/7        EV: 22    Int: 11    God:
Gold:   75         SH:  5    Dex: 20    Spells: 5/5 levels left

rFire   . . .        a - +0 shortbow (heavy)
rCold   . . .        (shield currently unavailable)
rNeg    . . .        c - +0 robe
rPois   .            l - +1 hat
rElec   .            (no cloak)
rCorr   .            (gloves unavailable)
SInv    +            (boots unavailable)
Will    +....        g - amulet of reflection
Stlth   ++           (no ring)
HPRegen 0.25/turn    (no ring)
MPRegen 0.10/turn

%: reflection
@: very quick
A: very small, no large weapons, unfitting armour, see invisible, speed 3
a: no special abilities


You were on level 4 of the Dungeon.
You visited 1 branch of the dungeon, and saw 4 of its levels.

You collected 223 gold pieces.
You spent 148 gold pieces at shops.


Innate Abilities, Weirdness & Mutations

You are very small and have problems with some larger weapons.
You are too small for most types of armour.
You have supernaturally acute eyesight. (SInv)
You cover ground extremely quickly. (Speed+++)


   Skills:
 - Level 2.0 Fighting
 + Level 6.5 Ranged Weapons
 - Level 6.6 Dodging
 - Level 1.5 Stealth


You had 5 spell levels left.
You didn't know any spells.
Your spell library was empty.

Inventory:

Hand Weapons
 a - a +0 heavy shortbow (weapon)
Armour
 c - a +0 robe (worn)
 l - a +1 hat (worn)
Jewellery
 g - an amulet of reflection (around neck)
Scrolls
 b - a scroll of vulnerability {unknown}
 e - 2 scrolls of identify
Potions
 d - 2 potions of might
 f - 2 potions of curing
 h - a potion of enlightenment {unknown}
 j - a potion of attraction {unknown}
 m - a potion of brilliance {unknown}

Dungeon Overview and Level Annotations

Branches:
Dungeon (4/15)
 Temple: D:4-7

Altars:
Uskayaw

Shops:
D:4 ?


Message History

You hear a shout!
The orc closely misses you.
A hobgoblin comes into view.
You block the adder's attack.
An orc comes into view. It is wielding a +0 flail.
The orc completely misses you. The adder closely misses you.
You hear a shout!
You shoot an arrow. The arrow closely misses the adder.
The hobgoblin shouts!
The adder misses you. The orc misses you.
The orc priest invokes the aid of Beogh against you.
Beogh smites you! The adder closely misses you. The orc closely misses you.
You shoot an arrow. The arrow barely misses the adder.
The arrow hits the orc priest.
The orc priest is almost dead.
The adder bites you but does no damage. The orc misses you.
The orc priest invokes the aid of Beogh against you.
Beogh smites you!
An orc comes into view. It is wielding a +0 flail.
You block the adder's attack.
You shoot an arrow. The arrow closely misses the adder.
The arrow closely misses the orc priest.
The adder misses you. The orc closely misses you. The adder closely misses you.
The orc misses you. You block the orc's attack.
You shoot an arrow. The arrow hits the adder!
You kill the adder!
The orc closely misses you. x2; The orc priest misses you.
The orc closely misses you. x2
You shoot an arrow. The arrow barely misses the orc priest.
The arrow hits the jelly!!
You kill the jelly!
The orc hits you with a +0 short sword of speed.
The orc barely misses you. The orc priest misses you.
The orc barely misses you. The orc hits you but does no damage.
The orc closely misses you.
You shoot an arrow. The arrow hits the orc priest.
You kill the orc priest!
You block the orc's attack. The orc barely misses you.
The orc completely misses you. The orc closely misses you.
The orc hits you with a +0 short sword of speed.
You die...

.##.......# #.)......#
.......##########.###.##.#
.####### #........# #.# #
.# #..#####.# #.. .## #..
#.# #### ..# .... #.# ..#
.... #.####### ..#
#..#..##.......# ..#####
#.....g@o......# ......#
.....o##o......# .......
#.)#> ........# ......# .
.. ##.......# ####### ..
#.......# ~# .. ........#
¤¤# . ....##### ¤¤~# ###.#
¤¤¤~


You could see 3 orcs and a hobgoblin.

Vanquished Creatures
  An ogre (D:4)
  A bombardier beetle (D:3)
  A jelly (D:4)
  3 orc priests
  A hound (D:3)
  3 iguanas (D:4)
  3 adders
  3 dart slugs
  2 ribbon worms
  14 orcs
  9 ball pythons
  10 endoplasms
  2 giant cockroaches
  7 goblins
  4 hobgoblins
  3 jackals
  4 kobolds
  6 quokkas
  5 bats
  5 frilled lizards
  10 rats
97 creatures vanquished.

Notes
Turn   | Place    | Note
-------+----------+-------------------------------------------
     0 | D:1      | qw the Spriggan Hunter began the quest for the Orb.
     0 | D:1      | Reached XP level 1. HP: 10/10 MP: 2/2
     0 | D:1      | 0 ||| qw: Version: 0.3-a-160-g6735b56
     0 | D:1      | 0 ||| qw: Game counter: 6084
     0 | D:1      | 0 ||| qw: Melee chars always use a shield: true
     0 | D:1      | 0 ||| qw: God list: Okawaru
     0 | D:1      | 0 ||| qw: Allow faded altars: false
     0 | D:1      | 0 ||| qw: Do Orc after clearing Dungeon:15 true
     0 | D:1      | 0 ||| qw: Do second Lair branch before Depths: true
     0 | D:1      | 0 ||| qw: Lair rune preference: random
     0 | D:1      | 0 ||| qw: Goals: Normal
     0 | D:1      | 0 ||| PLANNING D:1-11
    51 | D:1      | Reached skill level 3 in Dodging
   125 | D:1      | Reached XP level 2. HP: 14/14 MP: 3/3
   171 | D:1      | Found a faded altar of an unknown god.
   886 | D:1      | 886 ||| READING scroll labelled COHEFU YHOTYS.
   886 | D:1      | 886 ||| IDENTIFYING viscous green potion
   887 | D:1      | 887 ||| DROPPING scroll of butterflies.
  1050 | D:2      | Reached XP level 3. HP: 18/18 MP: 4/4
  1543 | D:2      | 1543 ||| UPGRADING to +1 hat.
  1548 | D:2      | 1548 ||| UPGRADING to amulet of reflection.
  1553 | D:2      | 1553 ||| DROPPING amulet of the acrobat.
  1554 | D:2      | 1554 ||| DROPPING +6 ring of intelligence.
  1555 | D:2      | 1555 ||| READING scroll labelled KAWENI QECK.
  1558 | D:2      | 1558 ||| READING scroll labelled DEFIEX NIZE.
  1659 | D:2      | 1659 ||| READING scroll labelled JESCHU OHAXUDOKUKO.
  1798 | D:3      | 1798 ||| FLEEEEING.
  1799 | D:3      | 1799 ||| FLEEEEING.
  1800 | D:3      | 1800 ||| FLEEEEING.
  1801 | D:3      | 1801 ||| FLEEEEING.
  1810 | D:3      | Reached XP level 4. HP: 10/22 MP: 5/5
  1889 | D:3      | Found a hide-covered altar of Uskayaw.
  2170 | D:3      | Identified the +0 scale mail "Ahoaxeamm" {Will+}
  2223 | D:3      | Reached XP level 5. HP: 25/25 MP: 6/6
  2373 | D:3      | 2373 ||| FLEEEEING.
  2695 | D:3      | 2695 ||| READING 2 scrolls of identify.
  2695 | D:3      | 2695 ||| IDENTIFYING lumpy grey potion
  2696 | D:3      | 2696 ||| READING scroll of identify.
  2696 | D:3      | 2696 ||| IDENTIFYING yellow potion
  2697 | D:3      | 2697 ||| READING scroll labelled IBREUD JAOKU.
  2698 | D:3      | 2698 ||| READING scroll labelled EGECAANAEV.
  2699 | D:3      | 2699 ||| DROPPING potion of degeneration.
  2701 | D:3      | 2701 ||| Stepping ~*~*~tactically~*~*~ (cloud).
  2709 | D:3      | HP: 6/26 [poisoned by you (poison gas)]
  2842 | D:4      | 2842 ||| STAIRDANCE
  2890 | D:4      | 2890 ||| STAIRDANCE
  2923 | D:4      | Found Leffeyntod's Magic Scroll Shoppe.
  2928 | D:4      | 2928 ||| BUYING scroll of brand weapon (104 gold).
  2928 | D:4      | Bought a scroll of brand weapon for 104 gold pieces
  2928 | D:4      | 2928 ||| SHOPLISTING scroll of enchant weapon (82 gold,
                  | have 73).
  2928 | D:4      | 2928 ||| BUYING scroll of identify (22 gold).
  2928 | D:4      | Bought a scroll of identify for 22 gold pieces
  2928 | D:4      | 2928 ||| BUYING scroll of identify (22 gold).
  2928 | D:4      | Bought a scroll of identify for 22 gold pieces
  2928 | D:4      | 2928 ||| READING scroll of brand weapon.
  2928 | D:4      | 2928 ||| BRANDING +0 shortbow.
  3076 | D:4      | Reached skill level 6 in Ranged Weapons
  3085 | D:4      | Reached XP level 6. HP: 29/30 MP: 7/7
  3104 | D:4      | Reached skill level 6 in Dodging
  3321 | D:4      | HP: 4/30 [orc priest/divine providence (13)]
  3324 | D:4      | HP: 1/30 [orc/+0 short sword of speed (4)]
  3325 | D:4      | Slain by an orc

Levels and vault maps discovered:
D:1:      erik_arrival_orb_chamber, layout_loops_corners,
          ebering_ecumenical_altar_petrified, eino_curves_04
D:2:      layout_loops_cross, minmay_strange_pillars
D:3:      minmay_octagon_keep, layout_basic, nicolae_uskayaw_suspiria
D:4:      kennysheep_big_flooded_room, layout_loops_cross, serial_shops,
          nicolae_shop_hallway_stairs, st_stairs_14, minmay_diced_spiral

Skill      XL: |  1  2  3  4  5  6 |
---------------+-------------------+-----
Dodging        | 3 4 5 6 |  6.6
Ranged Weapons | 5 6 |  6.5
Fighting       | 2 |  2.0
Stealth        | |  1.5

Action                     |  1- 3 |  4- 6 || total
---------------------------+-------+-------++-------
   Fire: Shortbow          |   112 |   168 ||   280
    Use: Scroll            |     4 |     5 ||     9
 Armour: Robe              |     9 |    29 ||    38
  Dodge: Dodged            |    17 |    83 ||   100
  Block: Other             |       |    14 ||    14
         Reflection        |       |     1 ||     1

Table legend:
 A = Non-vault XP
 B = Vault XP
 C = Vault XP percentage of total XP
 D = Non-vault monster count
 E = Vault monster count
 F = Vault count percentage of total count
                 A         B        C        D         E       F
            +---------+---------+-------+---------+---------+-------
      Total |     578 |     122 |  17.4 |      77 |      20 |  20.6
            +---------+---------+-------+---------+---------+-------
        D:1 |      35 |       0 |   0.0 |      22 |       0 |   0.0
        D:2 |      29 |       0 |   0.0 |      17 |       0 |   0.0
        D:3 |     193 |      36 |  15.7 |      25 |      12 |  32.4
        D:4 |     321 |      86 |  21.1 |      13 |       8 |  38.1
            +---------+---------+-------+---------+---------+-------
